Map: Lerilak Crest

Players

caiobex

  • Race: Protoss Protoss
  • League: Diamond

LilDicky - Winner!

  • Race: Terran Terran
  • League: Diamond

VOD

http://www.twitch.tv/tumescentpie

Description

Time

  • Played on: Dec. 5, 2015, 5:15 p.m.
  • Length: 6:16
Show
View Real Time Build Order
Export as new Build Order

caiobex Protoss 

Build Orders:  

Get SALT Encoding   

  12  0:02  Probe (Chrono Boost)  
  13  0:12  Probe (Chrono Boost)  
  14  0:19  Pylon  
  14  0:24  Probe (Chrono Boost)  
  15  0:37  Gateway, Probe (Chrono Boost)  
  15  0:42  Assimilator  
  16  0:48  Probe (Chrono Boost)  
  17  0:59  Probe (Chrono Boost)  
  17  1:03  Pylon  
  18  1:09  Probe (Chrono Boost)  
  19  1:20  Probe (Chrono Boost)  
  20  1:26  Cybernetics Core  
  21  1:33  Probe (Chrono Boost)  
  21  1:46  Nexus  
  21  1:50  Probe (Chrono Boost)  
  22  2:04  Warp Gate  
  22  2:06  Mothership Core (Chrono Boost)  
  24  2:15  Assimilator  
  24  2:17  Adept  
  26  2:22  Gateway  
  26  2:24  Probe (Chrono Boost)  
  27  2:32  Pylon  
  27  2:44  Gateway  
  27  2:50  Robotics Facility  
  27  2:57  Probe (Chrono Boost)  
  28  2:58  Probe (Chrono Boost)  
  29  3:10  Probe (Chrono Boost)  
  29  3:11  Probe (Chrono Boost)  
  31  3:14  Pylon  
  31  3:21  Probe x2 (Chrono Boost)  
  31  3:22  Adept  
  35  3:34  Stalker  
  37  3:35  Probe (Chrono Boost)  
  37  3:36  Probe (Chrono Boost)  
  31  3:43  Observer (Chrono Boost)  
  32  3:52  Probe (Chrono Boost)  
  32  3:53  Probe (Chrono Boost)  
  34  4:02  Probe  
  35  4:16  Probe  
  34  4:17  Probe  
  35  4:24  Stalker x2  
  35  4:26  Stalker  
  35  4:31  Probe  
  40  4:39  Warp Prism (Chrono Boost)  
  40  4:41  Probe  
  37  4:49  Adept  
  36  5:25  Probe  
  36  5:27  Probe  
  38  5:36  Probe  
  38  5:39  Probe  
  38  5:41  Adept x2  
  44  5:46  Probe  
  44  5:49  Zealot  
  31  5:57  Probe x2  
Show
View Real Time Build Order
Export as new Build Order

LilDicky Terran - Winner!

Build Orders: MMM Bio 

Get SALT Encoding   

  12  0:02  SCV  
  14  0:14  SCV  
  14  0:17  Supply Depot  
  14  0:26  SCV  
  15  0:34  Refinery  
  15  0:39  SCV  
  16  0:46  Barracks  
  16  0:53  SCV  
  17  1:05  SCV  
  18  1:17  SCV  
  19  1:29  SCV  
  20  1:35  Marine  
  20  1:37  Supply Depot  
  21  1:43  Orbital Command  
  21  1:48  Factory  
  21  1:54  Marine  
  22  2:03  Barracks  
  22  2:09  Barracks  
  22  2:13  SCV  
  23  2:21  Refinery  
  23  2:22  Barracks Reactor  
  23  2:31  Supply Depot  
  23  2:36  SCV  
  24  2:48  SCV  
  25  2:53  Barracks Tech Lab  
  25  2:56  Barracks Tech Lab  
  25  3:00  SCV, Marine  
  25  3:01  Marine  
  25  3:03  Widow Mine  
  29  3:11  Stimpack  
  29  3:13  Marine  
  29  3:18  Marine x2  
  33  3:21  Marine  
  33  3:25  SCV, Supply Depot  
  34  3:29  Combat Shields  
  34  3:33  Widow Mine  
  36  3:42  Marauder, Marine  
  36  3:47  Marine x2  
  41  3:50  Supply Depot  
  41  3:56  SCV  
  40  4:12  Marine x2  
  40  4:13  Marauder x2  
  44  4:26  Supply Depot  
  44  4:29  Starport  
  44  4:32  Marine x2  
  41  4:49  Marauder x2  
  41  4:50  Marine x2  
  39  5:17  Marauder x2, Marine x2  
  39  5:18  Medivac  
  47  5:22  SCV  
  47  5:26  Concussive Shells  
  48  5:35  Marine x2  
  49  5:36  SCV  
  49  5:38  Marine  
  49  5:39  Marauder  
  49  5:42  Supply Depot  
Tags
 
Add a new tag
Caveats
  • Supply blocks, unpowered buildings, or Contaminate may cause inaccurate times.
  • Supply counts are checked every 10 seconds.